 Dungeon Crawl Stone Soup version 0.31.0-11-ge490571c62 (webtiles) character file.

Game seed: 6967217017419312421

53 qw the Shooter (level 3, -2/20 HPs)
             Began as a Deep Elf Hunter on Feb 5, 2024.
             Slain by Jessica
             ... wielding a +0 club
              (5 damage)
             ... on level 2 of the Dungeon.
             The game lasted 00:00:19 (806 turns).

qw the Shooter (Deep Elf Hunter)                     Turns: 806, Time: 00:00:20

Health: -2/20      AC:  3    Str: 10    XL:     3   Next: 64%
Magic:  5/5        EV: 12    Int: 13    God:
Gold:   52         SH:  0    Dex: 18    Spells: 2/2 levels left

rFire   . . .        a - +0 shortbow
rCold   . . .        (shield currently unavailable)
rNeg    . . .        c - +0 leather armour
rPois   .            (no helmet)
rElec   .            (no cloak)
rCorr   .            (no gloves)
SInv    .            (no boots)
Will    .....        (no amulet)
Stlth   ++           (no ring)
HPRegen 0.23/turn    (no ring)
MPRegen 0.09/turn

%: no passive effects
@: no status effects
A: no striking features
a: no special abilities


You were on level 2 of the Dungeon.
You visited 1 branch of the dungeon, and saw 2 of its levels.

You collected 52 gold pieces.


   Skills:
 - Level 1.5 Fighting
 + Level 7.1 Ranged Weapons
 - Level 2.4 Dodging
 - Level 1.2 Stealth


You had 2 spell levels left.
You didn't know any spells.
Your spell library was empty.

Inventory:

Hand Weapons
 a - a +0 shortbow (weapon)
Armour
 c - a +0 leather armour (worn)
Scrolls
 b - a scroll of identify {unknown}
 d - a scroll of enchant weapon {unknown}
 h - a scroll of blinking {unknown}
Potions
 e - a potion of curing {unknown}
 f - a potion of invisibility {unknown}
 g - a potion of brilliance {unknown}

Dungeon Overview and Level Annotations

Branches:
Dungeon (2/15)

Altars:

Shops:
D:1 =:[

Annotations:
D:2 Jessica


Message History

Jessica blinks!
A frilled lizard comes into view.
You shoot an arrow. The arrow barely misses the adder.
The frilled lizard hisses angrily.
The adder closely misses you.
You shoot an arrow.
The arrow hits the adder but does no damage.
The adder is heavily wounded.
The adder misses you.
You shoot an arrow. The arrow barely misses the adder.
The adder closely misses you.
You shoot an arrow. The arrow barely misses the adder.
The adder bites you but does no damage. The adder misses you.
You shoot an arrow. The arrow barely misses the adder.
The adder bites you.
You are poisoned.
The adder poisons you!
You shoot an arrow. The arrow hits the adder.
The adder is almost dead.
You feel sick.
The adder bites you but does no damage. x2
You shoot an arrow. The arrow hits the adder!
You kill the adder!
You feel sick. The frilled lizard closely misses you.
You shoot an arrow.
The arrow closely misses the frilled lizard.
You feel sick.
The frilled lizard bites you but does no damage.
You shoot an arrow.
The arrow barely misses the frilled lizard.
You feel sick.
The frilled lizard completely misses you.
You shoot an arrow. The arrow hits the frilled lizard!
You kill the frilled lizard!
You feel sick.
You shoot an arrow.
The arrow hits Jessica but does no damage.
You feel sick.
You are no longer poisoned.
Jessica hits you with a +0 club. x2
You die...

#.# #.. ....#. ##.. ##
#..... .>. .. .....#
#.. #.# #.##.# #.. #.#
#.##.# #.@#####.###
#.##.#
##.%@.......###.##)#
........##.###.#.%....#
######.....# #...#.##.#
#...#.###.#.#.##.#
#.............##.##
##.................
.%.....##.#.#.#.####.
####...##.#.#.#.# #.
#..# #.#.....####.


You could see Jessica.

Vanquished Creatures
  A gnoll (D:1)
  An adder (D:2)
  A dart slug (D:1)
  5 ball pythons
  4 endoplasms
  A giant cockroach (D:1)
  2 goblins (D:1)
  2 hobgoblins (D:1)
  5 jackals (D:1)
  2 kobolds
  A quokka (D:1)
  2 bats
  3 frilled lizards
  2 rats (D:1)
32 creatures vanquished.

Notes
Turn   | Place    | Note
-------+----------+-------------------------------------------
     0 | D:1      | qw the Deep Elf Hunter began the quest for the Orb.
     0 | D:1      | Reached XP level 1. HP: 12/12 MP: 3/3
     0 | D:1      | 0 ||| qw: Version: 0.3-a-160-g6735b56
     0 | D:1      | 0 ||| qw: Game counter: 6503
     0 | D:1      | 0 ||| qw: Melee chars always use a shield: true
     0 | D:1      | 0 ||| qw: God list: Okawaru
     0 | D:1      | 0 ||| qw: Allow faded altars: false
     0 | D:1      | 0 ||| qw: Do Orc after clearing Dungeon:15 true
     0 | D:1      | 0 ||| qw: Do second Lair branch before Depths: true
     0 | D:1      | 0 ||| qw: Lair rune preference: random
     0 | D:1      | 0 ||| qw: Goals: Normal
     0 | D:1      | 0 ||| PLANNING D:1-11
    58 | D:1      | Reached XP level 2. HP: 16/16 MP: 4/4
    71 | D:1      | Reached skill level 6 in Ranged Weapons
   196 | D:1      | Found Ronaocwi's Armour Boutique.
   201 | D:1      | 201 ||| SHOPLISTING +0 pair of gloves (63 gold, have 32).
   201 | D:1      | 201 ||| SHOPLISTING +2 helmet (231 gold, have 32).
   201 | D:1      | 201 ||| SHOPLISTING +2 helmet of see invisible (301 gold,
                  | have 32).
   201 | D:1      | 201 ||| SHOPLISTING +3 leather armour "Cumez" {rC+ Str-5
                  | Int+2} (345 gold, have 32).
   397 | D:1      | Found Bogickeffatt's Book Boutique.
   399 | D:1      | Found Sapi's Jewellery Boutique.
   404 | D:1      | Reached XP level 3. HP: 20/20 MP: 5/5
   441 | D:1      | 441 ||| SHOPLISTING +4 ring of protection (360 gold, have
                  | 32).
   441 | D:1      | 441 ||| SHOPLISTING +6 ring of strength (360 gold, have
                  | 32).
   441 | D:1      | 441 ||| SHOPLISTING amulet of Elemental Vulnerability
                  | {rPois rF-- rC-- AC+8} (383 gold, have 32).
   441 | D:1      | 441 ||| SHOPLISTING amulet of regeneration (300 gold, have
                  | 32).
   441 | D:1      | 441 ||| SHOPLISTING ring of fire (250 gold, have 32).
   441 | D:1      | 441 ||| SHOPLISTING ring of poison resistance (200 gold,
                  | have 32).
   441 | D:1      | 441 ||| SHOPLISTING ring of willpower (250 gold, have 32).
   584 | D:1      | 584 ||| READING scroll labelled DIURIO FELU.
   585 | D:1      | 585 ||| DROPPING scroll of butterflies.
   587 | D:1      | 587 ||| Stepping ~*~*~tactically~*~*~ (cloud).
   592 | D:1      | HP: 5/20 [poisoned by you (poison gas)]
   595 | D:1      | HP: 2/20 [poisoned by you (poison gas)]
   784 | D:2      | Reached skill level 7 in Ranged Weapons
   794 | D:2      | Noticed Jessica
   806 | D:2      | HP: 3/20 [Jessica/+0 club (6)]
   806 | D:2      | Slain by Jessica

Levels and vault maps discovered:
D:1:      amcnicky_arrival_blooded_trapdoor, layout_basic, serial_shops, shop,
          shop, nicolae_shop_hallway_plus
D:2:      layout_loops_ring, serial_shops, shop, minmay_cut_off, uniq_jessica

Skill      XL: |  1  2  3 |
---------------+----------+-----
Ranged Weapons | 6 7 |  7.1
Fighting       | |  1.5
Dodging        | |  2.4
Stealth        | |  1.2

Action                     || total
---------------------------++-------
   Fire: Shortbow          ||    75
    Use: Scroll            ||     1
 Armour: Leather armour    ||    18
  Dodge: Dodged            ||    19

Table legend:
 A = Non-vault XP
 B = Vault XP
 C = Vault XP percentage of total XP
 D = Non-vault monster count
 E = Vault monster count
 F = Vault count percentage of total count
                 A         B        C        D         E       F
            +---------+---------+-------+---------+---------+-------
      Total |      77 |       0 |   0.0 |      32 |       0 |   0.0
            +---------+---------+-------+---------+---------+-------
        D:1 |      56 |       0 |   0.0 |      25 |       0 |   0.0
        D:2 |      21 |       0 |   0.0 |       7 |       0 |   0.0
            +---------+---------+-------+---------+---------+-------
